 Dungeon Sprint DCSS version 0.30-a0-553-g7fabdf1491 (webtiles) character file.

Game seed: 18277484794684875476

102 rocky1 the Covered (level 4, -2/32 HPs)
             Began as a Gargoyle Fighter on Dec 27, 2022.
             Slain by a water elemental (5 damage)
             ... in the Dungeon (Sprint III: "The Ten Rune Challenge").
             The game lasted 00:00:50 (250 turns).

rocky1 the Covered (Gargoyle Fighter)                Turns: 250, Time: 00:00:51

Health: -2/32      AC: 11    Str: 21    XL:     4   Next: 78%
Magic:  4/4        EV:  9    Int:  9    God:
Gold:   24         SH:  5    Dex:  9    Spells: 3/3 levels left

rFire   . . .      SeeInvis .    a - +0 flail
rCold   . . .      Faith    .    c - +0 buckler
rNeg    + . .      Spirit   .    b - +0 scale mail
rPois   ∞          Reflect  .    (no helmet)
rElec   +          Harm     .    (no cloak)
rCorr   .          Rampage  .    (no gloves)
Will    .....      NoTele   +    (no boots) Stlth
                                 (no amulet)
HPRegen 0.25/turn                (no ring)
MPRegen 0.09/turn                (no ring)

@: engulfed
A: sickness immunity, AC +3, negative energy resistance 1, electricity
resistance, torment resistance 1, petrification resistance
a: no special abilities


You were in the Dungeon.
You visited 1 branch You collected 24 gold pieces.

Inventory:

Hand Weapons
 a - a +0 flail (weapon)
Armour
 b - a +0 scale mail (worn)
 c - a +0 buckler (worn)
Scrolls
 j - a scroll of blinking
 k - 2 scrolls of torment {unknown}
 l - 4 scrolls of identify
Potions
 d - a potion of might
 e - a potion of curing
 g - a potion of haste
 h - 2 potions of magic
 i - a potion of berserk rage
 m - 4 potions of flight
 n - 5 potions of mutation


   Skills:
 + Level 5.9 Fighting
 + Level 4.7 Maces & Flails
 + Level 6.1 Armour
 + Level 0.1 Dodging
 + Level 5.7 Shields


You had 3 spell levels left.
You didn't know any spells.
Your spell library contained the following spells:

 Spells                   Type           Power      Damage    Failure   Level
 Apportation              Tloc           0%         N/A       78%         1
 Necrotise                Necr           0%         1d4       78%         1
 Summon Small Mammal      Summ           0%         N/A       78%         1


Dungeon Overview and Level Annotations

Branches:
Dungeon (1/1)

Altars:


Innate Abilities, Weirdness & Mutations

You are immune to sickness and miasma.
Your stone body is resilient. (AC +3)
You are immune to poison.
You resist negative energy. (rN+)
You are resistant to electric shocks. (rElec)
You are resistant to unholy torment.
You are immune to petrification.


Message History

The water elemental is heavily damaged.
You block the water elemental's attack.
You hit the water elemental but do no damage.
The water elemental is heavily damaged.
The water elemental closely misses you.
You completely miss the water elemental.
The water elemental is heavily damaged.
The water elemental hits you!
Ouch! That really hurt!
* * * LOW HITPOINT WARNING * * *
You feel much better. The water elemental barely misses you.
You hit the water elemental but do no damage.
The water elemental is heavily damaged.
The water elemental barely misses you. The water elemental hits you.
You hit the water elemental but do no damage.
The water elemental is heavily damaged.
The water elemental hits you!
You completely miss the water elemental.
The water elemental is heavily damaged.
The water elemental barely misses you.
You hit the water elemental but do no damage.
The water elemental is heavily damaged.
The water elemental hits you.
You hit the water elemental.
The water elemental is heavily damaged.
The water elemental hits you.
You closely miss the water elemental.
The water elemental is heavily damaged.
You block the water elemental's attack. x2
You hit the water elemental.
The water elemental is severely damaged.
The water elemental hits you!
You hit the water elemental.
The water elemental is severely damaged.
The water elemental hits you!
* * * LOW HITPOINT WARNING * * *
You hit the water elemental.
The water elemental is almost destroyed.
The water elemental hits you.
You die...

▓▓▓▓▓▓▓▓ ▓▓▓ <..#...####
##.# ...#......#####..#
..##...†...#..#..#
##.##.##...#..#..# #+#+#
##.##.###..##'#..#......
#.####.##..###..@E.⌠....
.###..##.)####...#...###
#..†..##..###....# ⌠.#
###..##...##.....# .#
##..##....#..†...# #
#..###..##†#.....# #(.#
#.. ####....# ▓▓▓▓ ▓▓▓
▓▓▓▓▓▓


You could see a water elemental.

Vanquished Creatures
  A scorpion (D)
  Jessica (D)
  A human (D)
  An endoplasm (D)
  2 rats (D)
6 creatures vanquished.

Notes
Turn   | Place    | Note
-------+----------+-------------------------------------------
     0 | D        | rocky1 the Gargoyle Fighter began the quest for the Orb.
     0 | D        | Reached XP level 1. HP: 14/14 MP: 1/1
    34 | D        | Noticed Jessica
    38 | D        | Killed Jessica
    39 | D        | Reached skill level 4 in Armour
    39 | D        | Reached XP level 2. HP: 16/20 MP: 2/2
    39 | D        | Reached XP level 3. HP: 19/24 MP: 3/3
    84 | D        | Reached skill level 5 in Fighting
    84 | D        | Reached skill level 5 in Armour
    84 | D        | Reached skill level 5 in Shields
   123 | D        | Noticed a scorpion
   132 | D        | Killed a scorpion
   133 | D        | Reached skill level 6 in Armour
   133 | D        | Reached XP level 4. HP: 13/32 MP: 4/4
   234 | D        | Noticed a water elemental
   250 | D        | Slain by a water elemental

Illustrated notes

Levels and vault maps discovered:
D:        dungeon_sprint_mu [sprint_mu_entry_cave, sprint_mu_temple_rooms,
          sprint_mu_d1_spiders, sprint_mu_d2_genie, sprint_mu_d3_branching,
          sprint_mu_orc_legion, sprint_mu_elf_gauntlet, sprint_mu_hive_nellie,
          sprint_mu_lair_fedhas, sprint_mu_vaults_butterflies,
          sprint_mu_slime_circle, sprint_mu_swamp_cave, sprint_mu_shoals_kraken,
          sprint_mu_blade_basic, sprint_mu_crypt_chambers,
          sprint_mu_tomb_spiral, sprint_mu_vestibule_basic,
          sprint_mu_gehenna_hellfire, sprint_mu_dis_giant,
          sprint_mu_tartarus_statrot, sprint_mu_cocytus_islands, sprint_mu_zot1]

Skill      XL: |  1  2  3 |
---------------+----------+-----
Fighting       | 4 5 |  5.9
Maces & Flails | 3 4 |  4.7
Armour         | 4 6 |  6.1
Shields        | 4 5 |  5.7
Dodging        | |  0.1

Action                   |  1- 3 |  4- 6 || total
-------------------------+-------+-------++-------
Melee: Flail             |    32 |    14 ||    46
  Use: Potion            |       |     1 ||     1
Armor: Scale mail        |     9 |     3 ||    12
Dodge: Dodged            |    13 |     6 ||    19
Block: Buckler           |     7 |     3 ||    10

Table legend: (Time is in decaauts)
 A = Elapsed time spent in this place.
 B = Non-inter-level travel time spent in this place.
 C = Inter-level travel time spent in this place.
 D = Time resting spent in this place.
 E = Time spent auto-exploring this place.
 F = Levels seen in this place.
 G = Mean time per level.
                   A        B        C        D        E       F      G
               +--------+--------+--------+--------+--------+-----+--------+
         Total |    262 |    262 |      0 |    112 |     44 |   1 |  262.0 |
       Dungeon |    262 |    262 |      0 |    112 |     44 |   1 |  262.0 |
               +--------+--------+--------+--------+--------+-----+--------+

Top non-repeatable levels by time:
       D: 262 daAuts
